 Dungeon Crawl Stone Soup version 0.18-a0-1799-g6250cb2 (webtiles) character file.

1018 graki42 the Sneak (level 8, -3/78 HPs)
             Began as a Halfling Assassin on Apr 24, 2016.
             Was a Follower of Okawaru.
             Splashed by a jelly's acid (9 damage)
             ... on level 6 of the Dungeon.
             The game lasted 00:23:10 (6569 turns).

graki42 the Sneak (Halfling Assassin)               Turns: 6569, Time: 00:23:11

Health: -3/78      AC: 15    Str: 11    XL:     8   Next: 45%
Magic:  8/8        EV:  3    Int: 10    God:    Okawaru [*.....]
Gold:   234        SH:  0    Dex: 18    Spells: 0 memorised, 7 levels left

rFire  . . .     SeeInvis .     h - +1 dagger (protect)
rCold  . . .     Gourm    .     (armour currently unavailable)
rNeg   + + +     Faith    .     (shield restricted)
rPois  +         Spirit   .     (helmet currently unavailable)
rElec  .         Dismiss  .     (cloak currently unavailable)
rCorr  .         Reflect  .     (gloves currently unavailable)
SustAt .         Harm     .     (boots currently unavailable)
MR     .....     NoTele   +     (no amulet)
Stlth  ++++++....               D - +2 ring of protection
                                y - ring of poison resistance

@: tree-form, corroded, not resistant to hostile enchantments, very stealthy
A: mutation resistance 1
a: Heroism, Renounce Religion


You were on level 6 of the Dungeon.
You worshipped Okawaru.
Okawaru was aware of your devotion.
You were not hungry.
You were a tree.
You visited 2 branches of the dungeon, and saw 7 of its levels.

You collected 256 gold pieces.
You spent 22 gold pieces at shops.

Inventory:

Hand Weapons
 a - a +2 dagger
 b - a +0 blowgun
 h - a +1 dagger of protection (weapon)
Missiles
 e - 24 poisoned needles
 f - 5 curare-tipped needles
 l - 2 tomahawks (quivered)
Armour
 d - a +0 cloak (melded)
 G - a +0 leather armour (melded)
Jewellery
 y - a ring of poison resistance (left branch)
 D - a +2 ring of protection (right branch)
 E - an uncursed ring of fire
Wands
 n - a wand of hasting (2/9)
Scrolls
 c - a scroll of amnesia {unknown}
 i - 2 scrolls of enchant armour
 j - a scroll of remove curse {unknown}
 k - a scroll of enchant weapon {unknown}
 m - a scroll of recharging {unknown}
 o - 2 scrolls of magic mapping {unknown}
 p - a scroll of brand weapon {unknown}
 t - a scroll of teleportation {unknown}
 w - a scroll of fog
Potions
 r - a potion of cure mutation
 s - a potion of magic
 v - a potion of heal wounds
 z - a potion of agility {unknown}
 A - 2 potions of brilliance
 B - a potion of mutation {unknown}
 C - 2 potions of might {unknown}
 F - a potion of beneficial mutation {unknown}
Comestibles
 g - 7 bread rations
 q - a meat ration
 H - a chunk of flesh


   Skills:
 + Level 3.1 Fighting
 + Level 4.7 Short Blades
 + Level 3.4 Throwing
 + Level 0.7 Armour
 + Level 6.4 Dodging
 * Level 7.6 Stealth


You had 7 spell levels left.
You didn't know any spells.

Dungeon Overview and Level Annotations

Branches:
Dungeon (6/15)             Temple (1/1) D:5

Altars:
Ashenzari
Cheibriados
Dithmenos
Elyvilon
Fedhas
Gozag
Kikubaaqudgha
Makhleb
Nemelex Xobeh
Okawaru
Pakellas
Qazlal
Ru
Sif Muna
Trog
Vehumet
Xom
Zin
The Shining One

Shops:
D:4 *%(*

Annotations:
D:6 Prince Ribbit


Innate Abilities, Weirdness & Mutations

You are small and have problems with some larger weapons.
You are somewhat resistant to further mutation.


Message History

The jelly is almost dead.
Prince Ribbit hits you. The jelly hits you but does no damage.
You hit the jelly but do no damage. The acid corrodes you!
Your branches burn!
The jelly is almost dead.
Prince Ribbit hits you!
* * * LOW HITPOINT WARNING * * *
You hit the jelly but do no damage.
Your branches burn!
* * * LOW HITPOINT WARNING * * *
The jelly is almost dead.
The jelly hits you but does no damage. Prince Ribbit hits you.
* * * LOW HITPOINT WARNING * * *
You hit the jelly but do no damage. The acid corrodes you!
Your branches burn!
* * * LOW HITPOINT WARNING * * *
The jelly is almost dead.
Prince Ribbit hits you.
* * * LOW HITPOINT WARNING * * *
The jelly hits you.
* * * LOW HITPOINT WARNING * * *
You are splashed with acid!
The acid burns!
You die...

###. ##... .. #... ...
##..##.#### .........#
############........##
.......F♣J(....# .....
###########....#....<.
#....#....#. #...........
#########...........
#...................
##+####'######....#......
##.....>...# #....#....#.
#..............# #....#
.....


You could see Prince Ribbit and a jelly.

Vanquished Creatures
  An ice beast (D:5)
  2 ogres
  2 giant frogs (D:6)
  An electric eel (D:6)
  2 wasp zombies
  A hound (D:6)
  3 orc priests
  4 orc wizards (D:5)
  3 worker ants
  4 gnolls (D:3)
  3 adders
  A howler monkey skeleton (D:4)
  3 oozes
  An adder zombie (D:5)
  4 worms
  3 dart slugs
  4 giant geckos
  15 orcs
  A ball python (D:1)
  9 bats
  2 giant cockroaches
  9 goblins
  10 hobgoblins
  7 jackals
  5 quokkas
  A giant gecko zombie (D:5)
  5 giant newts
  5 kobolds
  12 rats
123 creatures vanquished.

Notes
Turn   | Place    | Note
--------------------------------------------------------------
     0 | D:1      | graki42 the Halfling Assassin began the quest for the Orb.
     0 | D:1      | Reached XP level 1. HP: 14/14 MP: 1/1
    48 | D:1      | Reached XP level 2. HP: 19/19 MP: 2/2
   217 | D:1      | Reached skill level 5 in Stealth
   386 | D:1      | Reached XP level 3. HP: 21/24 MP: 3/3
   943 | D:2      | You fall through a shaft for 2 floors!
   957 | D:4      | Reached XP level 4. HP: 28/29 MP: 4/4
  1345 | D:4      | Noticed an ogre
  1447 | D:2      | Reached XP level 5. HP: 28/34 MP: 5/5
  2275 | D:3      | Reached skill level 6 in Stealth
  2456 | D:3      | Reached XP level 6. HP: 7/39 MP: 6/6
  3227 | D:4      | Killed an ogre
  3244 | D:4      | Found Nintyv Xaeba's Weapon Shop.
  3284 | D:4      | Found Zeemen's General Store.
  3392 | D:4      | Found Ujet's Food Shop.
  3497 | D:4      | Reached XP level 7. HP: 33/45 MP: 7/7
  3650 | D:4      | Found Gedegugg's Assorted Antiques.
  3658 | D:4      | Bought a scroll labeled DAF BODEFI for 22 gold pieces
  3783 | D:5      | Entered Level 5 of the Dungeon
  4544 | D:5      | Found a staircase to the Ecumenical Temple.
  4550 | Temple   | Entered the Ecumenical Temple
  4652 | Temple   | Became a worshipper of Warmaster Okawaru
  5026 | D:5      | HP: 2/45 [orc wizard/dagger (3)]
  5029 | D:5      | Reached skill level 5 in Dodging
  5378 | D:5      | Found an oddly glowing altar of Pakellas.
  5440 | D:5      | Found a shattered altar of Ashenzari.
  5979 | D:5      | Reached skill level 7 in Stealth
  6126 | D:6      | Reached XP level 8. HP: 41/51 MP: 8/8
  6438 | D:6      | Reached * piety under Okawaru
  6525 | D:6      | Noticed Prince Ribbit
  6569 | D:6      | Splashed by a jelly's acid

Vault maps used:
D:1:      erik_arrival_gehennom
D:2:      minmay_joined_circles
D:3:      serial_curves, eino_curves_04, eino_curves_01, first_bread
D:4:      serial_shops, nicolae_shop_temple_entry_statues_fountains, shop, shop,
          shop
D:5:      marbit_many_paths, minmay_temple_entry_grid, grunt_pakellas_sulfur
D:6:      yredelemnul_altar_generic, fountainhead,
          nicolae_tso_swordbearing_angel, uniq_prince_ribbit1
Temple:   kilobyte_greek_temple_18

Skill      XL: |  1  2  3  4  5  6  7  8 |
---------------+-------------------------+-----
Stealth        | 5 6 7 |  7.6
Fighting       | 2 3 |  3.1
Short Blades   | 3 4 |  4.7
Dodging        | 2 3 4 5 6 |  6.4
Throwing       | 3 |  3.4
Armour         | |  0.7

Action                   |  1- 3 |  4- 6 |  7- 9 || total
-------------------------+-------+-------+-------++-------
Melee: Dagger            |   107 |   340 |   531 ||   978
 Fire: Blowgun           |     3 |    28 |    13 ||    44
Throw: Tomahawk          |       |     5 |     2 ||     7
  Use: Potion            |       |     2 |     2 ||     4
       Scroll            |       |     5 |     2 ||     7
 Stab: Sleeping          |    18 |    12 |     2 ||    32
       Distracted        |       |     1 |     1 ||     2
  Eat: Chunk             |       |     7 |     1 ||     8
       Meat ration       |       |       |     2 ||     2
       Pizza             |       |       |     1 ||     1
Armor: Robe              |    28 |    71 |    79 ||   178
       Leather armour    |       |       |    17 ||    17
       Skin              |       |       |    15 ||    15
Dodge: Dodged            |    70 |   236 |   291 ||   597
